 Dungeon Crawl Stone Soup version 0.23.2 (webtiles) character file.

Game seed: 3309115669215911241

78 Forgol the Poker (level 4, 0/52 HPs)
             Began as a Demonspawn Berserker on Apr 13, 2019.
             Was a Believer of Trog.
             Shot with an arrow by a centaur (7 damage)
             ... on level 3 of the Dungeon.
             The game lasted 00:04:48 (2270 turns).

Forgol the Poker (Demonspawn Berserker)             Turns: 2270, Time: 00:04:48

Health: 0/52       AC:  9    Str: 24    XL:     4   Next: 15%
Magic:  4/4        EV: 11    Int:  8    God:    Trog [**....]
Gold:   124        SH:  0    Dex: 12    Spells: 3/3 levels left

rFire    . . .     SeeInvis .   a - +0 spear
rCold    . . .     Gourm    .   (no shield)
rNeg     . . .     Faith    .   l - +0 ring mail
rPois    .         Spirit   .   d - +0 helmet
rElec    .         Reflect  .   f - +0 cloak
rCorr    .         Harm     .   (no gloves)
MR       .....                  k - +1 pair of boots
Stlth    ..........             (no amulet)
HPRegen  0.17/turn              (no ring)
MPRegen  0.09/turn              (no ring)

@: berserking, very quick
A: demonic guardian 1, nightstalker 1
a: Berserk, Trog's Hand, Renounce Religion


You were on level 3 of the Dungeon.
You worshipped Trog.
Trog was pleased with you.
You were very hungry.

You visited 1 branch of the dungeon, and saw 3 of its levels.

You collected 124 gold pieces.

Inventory:

Hand Weapons
 a - a +0 spear (weapon)
Armour
 d - a +0 helmet (worn)
 f - a +0 cloak (worn)
 k - a +1 pair of boots (worn)
 l - a +0 ring mail (worn)
Scrolls
 e - 3 scrolls of teleportation
 h - a scroll of random uselessness
Potions
 g - a potion of curing {unknown}
 p - a potion of magic {unknown}
 q - a potion of mutation {unknown}
 r - a potion of berserk rage {unknown}
Comestibles
 c - 4 rations
 o - 8 chunks of flesh


   Skills:
 - Level 3.0 Fighting
 + Level 4.6 Polearms
 - Level 1.7 Armour
 - Level 1.7 Dodging


You had 3 spell levels left.
You didn't know any spells.
Your spell library was empty.

Dungeon Overview and Level Annotations

Branches:
Dungeon (3/15)

Altars:
Dithmenos
Vehumet


Innate Abilities, Weirdness & Mutations

A weak demonic guardian rushes to your aid.
You are slightly more attuned to the shadows.


Message History

Aim: a centaur, wielding a +0 shortbow (lightly wounded)
You reach to attack!
Your ring mail prevents you from hitting the centaur.
The centaur is lightly wounded.
You hear a shout!
The adder closely misses you.
Attack whom?
Press: ? - help, Dir - move target cursor, f/p - centaur
Aim: a centaur, wielding a +0 shortbow (lightly wounded)
You reach to attack!
You puncture the centaur!
The centaur is heavily wounded.
The centaur shoots an arrow.
The arrow hits you!
* * * LOW HITPOINT WARNING * * *
Attack whom?
Press: ? - help, Dir - move target cursor, f/p - centaur
Aim: a centaur, wielding a +0 shortbow (heavily wounded)
You reach to attack!
You puncture the centaur!
The centaur is almost dead.
The adder closely misses you.
The centaur shoots an arrow.
The arrow hits you!
You die...

.. .. # ##.
.##.#.. #
....#.#####...#
#.###..(@S.....#
#..r..c#####...#
#.......#>......
##.....÷÷(....#
#.....<(c#####
#.(...<#(#
#.....##.#
####..##.# ○...
#.#


You could see a centaur, an adder and a rat.

Vanquished Creatures
  3 adders
  A worm (D:2)
  A dart slug (D:3)
  A leopard gecko (D:1)
  4 bats (D:1)
  4 giant cockroaches
  7 hobgoblins
  3 jackals (D:1)
  A ball python (D:2)
  4 frilled lizards
  3 goblins
  6 kobolds
  8 rats
46 creatures vanquished.

Vanquished Creatures (others)
  A giant cockroach (D:3)
1 creature vanquished.

Grand Total: 47 creatures vanquished

Notes
Turn   | Place    | Note
-------+----------+-------------------------------------------
     0 | D:1      | Forgol the Demonspawn Berserker began the quest for the
                  | Orb.
     0 | D:1      | Reached XP level 1. HP: 18/18 MP: 1/1
   189 | D:1      | Reached skill level 3 in Polearms
   223 | D:1      | Gained mutation: You are slightly more attuned to the
                  | shadows. [demonic ancestry]
   223 | D:1      | Reached XP level 2. HP: 24/24 MP: 2/2
  1075 | D:1      | Reached ** piety under Trog
  1232 | D:2      | Gained mutation: A weak demonic guardian rushes to your
                  | aid. [demonic ancestry]
  1232 | D:2      | Reached XP level 3. HP: 28/29 MP: 3/3
  1466 | D:2      | Reached skill level 4 in Polearms
  1802 | D:2      | Found a shadowy altar of Dithmenos.
  2215 | D:3      | Found a radiant altar of Vehumet.
  2226 | D:3      | Reached XP level 4. HP: 29/35 MP: 4/4
  2254 | D:3      | Noticed a centaur
  2270 | D:3      | Shot with an arrow by a centaur

Skill      XL: |  1  2  3 |
---------------+----------+-----
Polearms       | 3 4 |  4.6
Fighting       | |  3.0
Armour         | |  1.7
Dodging        | |  1.7

Action                   |  1- 3 |  4- 6 || total
-------------------------+-------+-------++-------
Melee: Spear             |   155 |    22 ||   177
Invok: Berserk           |     2 |     1 ||     3
  Use: Scroll            |     6 |       ||     6
 Stab: Sleeping          |     6 |       ||     6
  Eat: Chunk             |     6 |       ||     6
Armor: Animal skin       |    18 |       ||    18
       Ring mail         |    14 |     5 ||    19
Dodge: Dodged            |    62 |    12 ||    74
